 Dungeon Crawl Stone Soup version 0.31-b1-22-gc680215f68 (webtiles) character file.

Game seed: 2590618868479738456

35 Aldia the Grave Robber (level 3, -1/28 HPs)
             Began as a Draconian Necromancer on Jan 18, 2024.
             Slain by a gnoll
             ... wielding a +0 spear
              (5 damage)
             ... on level 2 of the Dungeon.
             The game lasted 00:01:26 (1033 turns).

Aldia the Grave Robber (Draconian Necromancer)      Turns: 1033, Time: 00:01:26

Health: -1/28      AC:  6    Str: 10    XL:     3   Next: 16%
Magic:  0/6        EV: 12    Int: 17    God:
Gold:   23         SH:  0    Dex: 11    Spells: 5/6 levels left

rFire   . . .        e - +0 spear
rCold   . . .        (no shield)
rNeg    . . .        (body armour unavailable)
rPois   .            (helmet restricted)
rElec   .            d - +0 cloak
rCorr   .            (no gloves)
SInv    .            (no boots)
Will    .....        (no amulet)
Stlth   ++           (no ring)
HPRegen 0.24/turn    (no ring)
MPRegen 0.10/turn

%: no passive effects
@: no status effects
A: AC +5, unfitting armour, cold-blooded
a: no special abilities


You were on level 2 of the Dungeon.
You visited 1 branch of the dungeon, and saw 2 of its levels.

You collected 23 gold pieces.

Inventory:

Hand Weapons
 c - a +0 short sword
 e - a +0 spear (weapon)
Armour
 d - a +0 cloak (worn)
Scrolls
 b - a scroll of torment {unknown}
 f - 2 scrolls of fog {unknown}
Potions
 a - a potion of magic
 g - 2 potions of ambrosia {unknown}
 h - a potion of resistance {unknown}
 i - a potion of enlightenment {unknown}
 j - a potion of mutation {unknown}


   Skills:
 + Level 1.1 Fighting
 + Level 2.1 Dodging
 - Level 1.7 Stealth
 + Level 2.3 Spellcasting
 * Level 4.4 Necromancy


You had 5 spell levels left.
You knew the following spells:

 Your Spells              Type           Power      Damage    Failure   Level
a - Necrotise             Necr           68%        1d7       3%          1

Your spell library contained the following spells:

 Spells                   Type           Power      Damage    Failure   Level
 Vampiric Draining        Necr           17%        2d7       9%          3
 Animate Dead             Necr           17%        N/A       30%         4
 Curse of Agony           Necr           17%        N/A       63%         5


Dungeon Overview and Level Annotations

Branches:
Dungeon (2/15)

Altars:
Okawaru


Innate Abilities, Weirdness & Mutations

Your plain brown scales are hard. (AC +5)
You cannot fit into any form of body armour.
You are cold-blooded and may be slowed by cold attacks.


Message History

You hit the gnoll.
Your tail-slap misses the gnoll.
The gnoll is almost dead.
The gnoll barely misses you. x2
The gnoll hits you from afar with a +0 spear.
You hit the gnoll but do no damage.
The gnoll is almost dead.
The gnoll closely misses you. The gnoll barely misses you.
The gnoll hits you but does no damage.
You hit the gnoll.
You kill the gnoll!
The gnoll completely misses you. The gnoll closely misses you.
You have reached level 3!
Your experience leads to an increase in your attributes!
Increase (S)trength, (I)ntelligence, or (D)exterity?
You feel clever. x2; Your scales feel tougher.
The gnoll writhes in agony.
The gnoll hits you from afar with a +0 spear. x2
* * * LOW HITPOINT WARNING * * *
You are too injured to fight recklessly!
You are too injured to fight recklessly!
You are too injured to fight recklessly!
You closely miss the ball python. The ball python closely misses you. x2
The gnoll hits you but does no damage. x2
You hit the ball python.
You kill the ball python!
The gnoll hits you from afar with a +0 spear.
* * * LOW HITPOINT WARNING * * *
The gnoll closely misses you.
An adder comes into view.
The gnoll barely misses you. x2
You closely miss the gnoll.
The gnoll is heavily wounded.
The gnoll hits you with a +0 spear.
* * * LOW HITPOINT WARNING * * *
The gnoll misses you.
You hit the gnoll.
Your tail-slap misses the gnoll.
The gnoll is severely wounded.
An adder comes into view.
The gnoll hits you with a +0 spear.
You die...

##### ....#### # #.....#
###.#.....# S..!..g_..#
......g@..#
........).##############
.......................#
......#.................
......#.###########.##..
#..####.# #.##.. ##. #.#
#.##.. # #># #....#
######


You could see 2 gnolls and an adder (wandering).

Vanquished Creatures
  A gnoll (D:2)
  4 endoplasms (D:1)
  A giant cockroach (D:1)
  A hobgoblin (D:1)
  3 quokkas (D:1)
  6 ball pythons
  2 bats (D:1)
  A frilled lizard (D:1)
  2 goblins (D:1)
  2 kobolds (D:1)
  A rat (D:1)
24 creatures vanquished.

Notes
Turn   | Place    | Note
-------+----------+-------------------------------------------
     0 | D:1      | Aldia the Draconian Necromancer began the quest for the
                  | Orb.
     0 | D:1      | Reached XP level 1. HP: 14/14 MP: 3/3
   264 | D:1      | Reached XP level 2. HP: 17/22 MP: 1/5
   823 | D:1      | Reached skill level 1 in Fighting
  1013 | D:2      | Found an iron altar of Okawaru.
  1028 | D:2      | Reached XP level 3. HP: 15/28 MP: 1/6
  1033 | D:2      | Slain by a gnoll

Illustrated notes

Levels and vault maps discovered:
D:1:      moated_graveyard_arrival, layout_basic
D:2:      layout_basic, basic_altar, minmay_pentomino_p2

Skill      XL: |  1  2 |
---------------+-------+-----
Dodging        | 2 |  2.1
Fighting       | 1 |  1.1
Stealth        | |  1.7
Spellcasting   | |  2.3
Necromancy     | |  4.4

Action                     || total
---------------------------++-------
  Melee: Short sword       ||    20
         Tailslap          ||     2
         Spear             ||    16
   Cast: Necrotise         ||    36
 Armour: Skin              ||    30
  Dodge: Dodged            ||    47
